 Dungeon Crawl Stone Soup version 0.27-a0-124-g19cb506db8 (webtiles) character file.

Game seed: 5679906385538288344

11 gimp the Twirler (level 2, 0/20 HPs)
             Began as a Demigod Wanderer on Jan 26, 2021.
             Slain by a hobgoblin
             ... wielding a +0 club
              (5 damage)
             ... on level 1 of the Dungeon.
             The game lasted 00:01:35 (596 turns).

gimp the Twirler (Demigod Wanderer)                  Turns: 596, Time: 00:01:36

Health: 0/20       AC:  2    Str: 14    XL:     2   Next: 6%
Magic:  6/6        EV: 11    Int: 19    God:
Gold:   18         SH:  0    Dex: 13    Spells: 4/4 levels left

rFire    . . .     SeeInvis .   a - +0 club
rCold    . . .     Faith    .   (no shield)
rNeg     . . .     Spirit   .   d - +0 robe
rPois    .         Reflect  .   (no helmet)
rElec    .         Harm     .   (no cloak)
rCorr    .         Rampage  .   (no gloves)
Will     .....                  (no boots)
Stlth    ++........             (no amulet)
HPRegen  0.06/turn              (no ring)
MPRegen  0.10/turn              (no ring)

@: no status effects
A: high mp 1
a: no special abilities


You were on level 1 of the Dungeon.
You visited 1 branch of the dungeon, and saw 1 of its levels.

You collected 18 gold pieces.

Inventory:

Hand Weapons
 a - a +0 club (weapon)
 f - a +0 dagger
Armour
 d - a +0 robe (worn)
Scrolls
 b - 3 scrolls of amnesia {unknown}
Potions
 c - a potion of curing
 e - 2 potions of berserk rage {unknown}


   Skills:
 - Level 3.6 Staves
 - Level 2.6 Stealth
 + Level 1.5 Spellcasting
 - Level 1.7 Summonings
 - Level 1.0 Transmutations


You had 4 spell levels left.
You didn't know any spells.
Your spell library contained the following spells:

 Spells                   Type           Power        Failure   Level
 Call Imp                 Summ           8%           13%         2
 Magic Dart               Conj           4%           19%         1
 Sandblast                Erth           2%           19%         1
 Blink                    Tloc           N/A          26%         2
 Slow                     Hex            1%           26%         2
 Conjure Flame            Conj/Fire      1%           47%         3
 Mephitic Cloud           Conj/Pois/Air  1%           47%         3
 Stone Arrow              Conj/Erth      2%           47%         3


Dungeon Overview and Level Annotations

Branches:
Dungeon (1/15)


Innate Abilities, Weirdness & Mutations

You have an increased reservoir of magic. (+10% MP)


Message History

You take 8 damage, and have 6/20 hp.
MASSIVE DAMAGE!!
You hit the hobgoblin but do no damage. The hobgoblin barely misses you.
The hobgoblin misses you.
You barely miss the hobgoblin. The hobgoblin barely misses you.
You hit the hobgoblin but do no damage.
The ooze jiggles.
The hobgoblin closely misses you.
Unknown command.
You aren't carrying any items that you can evoke.
Unknown command.
You hit the hobgoblin.
The hobgoblin is moderately wounded.
The hobgoblin hits you with a +0 club.
* * * LOW HITPOINT WARNING * * *
The hobgoblin closely misses you.
You take 2 damage, and have 5/20 hp.
You hit the hobgoblin but do no damage.
The hobgoblin is moderately wounded.
The hobgoblin hits you with a +0 club.
You die...

.≈≈≈≈..
#####.##.......
.≈≈≈≈≈# #.#
####### .≈.≈≈.
#.## .≈≈≈≈≈
#..## ≈≈≈≈≈.
#...# ##.## #.#
#.# #@# #g# #b#
#J# #.# #.# #.#
##########.#
#.....Jb..)#


You could see an ooze, a hobgoblin and a bat.

Vanquished Creatures
  4 bats (D:1)
  2 goblins (D:1)
  A hobgoblin (D:1)
  A kobold (D:1)
  2 rats (D:1)
10 creatures vanquished.

Notes
Turn   | Place    | Note
-------+----------+-------------------------------------------
     0 | D:1      | gimp the Demigod Wanderer began the quest for the Orb.
     0 | D:1      | gimp set off with the following items: a +0 club, a potion
                  | of curing, a +0 robe, a +0 dagger; and the following spells
                  | available to memorise: Call Imp, Magic Dart, Sandblast,
                  | Blink, Slow, Conjure Flame, Mephitic Cloud, Stone Arrow
     0 | D:1      | Reached XP level 1. HP: 14/14 MP: 3/3
   110 | D:1      | Reached skill level 1 in Spellcasting
   450 | D:1      | Reached XP level 2. HP: 14/20 MP: 6/6
   596 | D:1      | Slain by a hobgoblin

Illustrated notes

Levels and vault maps discovered:
D:1:      lightli_arrival_quake, layout_loops_ring, serial_rivers,
          chequers_serial_rivers_large_a, chequers_serial_rivers_micro_e,
          chequers_serial_rivers_small_b, chequers_serial_rivers_micro_a,
          chequers_serial_rivers_marsh, chequers_serial_rivers_small_b

Skill      XL: |  1 |
---------------+----+-----
Spellcasting   | 1 |  1.5
Staves         | |  3.6
Stealth        | |  2.6
Summonings     | |  1.7
Transmutations | |  1.0

Action                   || total
-------------------------++-------
Melee: Club              ||    55
 Stab: Sleeping          ||     2
Armor: Robe              ||    34
Dodge: Dodged            ||    64

Table legend: (Time is in decaauts)
 A = Elapsed time spent in this place.
 B = Non-inter-level travel time spent in this place.
 C = Inter-level travel time spent in this place.
 D = Time resting spent in this place.
 E = Time spent auto-exploring this place.
 F = Levels seen in this place.
 G = Mean time per level.
                   A        B        C        D        E       F      G
               +--------+--------+--------+--------+--------+-----+--------+
         Total |    608 |    608 |      0 |      0 |    462 |   1 |  608.0 |
       Dungeon |    608 |    608 |      0 |      0 |    462 |   1 |  608.0 |
               +--------+--------+--------+--------+--------+-----+--------+

Top non-repeatable levels by time:
     D:1: 608 daAuts
